 Dungeon Crawl Stone Soup version 0.29.1-12-g30fa7ad0bf (webtiles) character file.

Game seed: 7128537184039541559

77 Sanktem7 the Shooter (level 4, -1/38 HPs)
             Began as a Minotaur Hunter on Jan 7, 2023.
             Slain by a gnoll
             ... wielding a +0 whip
              (7 damage)
             ... on level 3 of the Dungeon.
             The game lasted 00:03:35 (1484 turns).

Sanktem7 the Shooter (Minotaur Hunter)              Turns: 1484, Time: 00:03:35

Health: -1/38      AC:  3    Str: 16    XL:     4   Next: 14%
Magic:  3/3        EV: 12    Int:  6    God:
Gold:   136        SH:  0    Dex: 15    Spells: 3/3 levels left

rFire   . . .      SeeInvis .   a - +0 shortbow {bow}
rCold   . . .      Faith    .   (shield currently unavailable)
rNeg    + . .      Spirit   .   c - +0 leather armour
rPois   .          Reflect  .   (helmet restricted)
rElec   .          Harm     .   (no cloak)
rCorr   .          Rampage  .   (no gloves)
Will    .....                   (no boots)
Stlth   ++........              (no amulet)
HPRegen 0.12/turn               g - ring of positive energy
MPRegen 0.08/turn               (no ring)

@: no status effects
A: horns 2, retaliatory headbutt
a: no special abilities


You were on level 3 of the Dungeon.
You visited 1 branch of the dungeon, and saw 3 of its levels.

You collected 136 gold pieces.


Innate Abilities, Weirdness & Mutations

You have a pair of horns on your head.
You reflexively headbutt those who attack you in melee.


   Skills:
 + Level 3.2 Fighting
 * Level 5.2 Ranged Weapons
 + Level 3.0 Dodging
 + Level 1.6 Stealth


You had 3 spell levels left.
You didn't know any spells.
Your spell library was empty.

Inventory:

Hand Weapons
 a - a +0 shortbow (weapon) {bow}
Missiles
 f - 2 throwing nets {=f!fthrowing}
 h - 5 atropa-tipped darts {throwing}
 i - 11 stones {throwing}
Armour
 c - a +0 leather armour (worn)
Magical Staves
 e - a staff of fire {!astaff}
   (You found it on level 1 of the Dungeon)
Jewellery
 g - a ring of positive energy (left hand)
   (You found it on level 1 of the Dungeon)
Scrolls
 b - 2 scrolls of immolation {!r!r}
 j - a scroll of magic mapping {unknown}
 k - 2 scrolls of identify {unknown}
 l - a scroll of fear {unknown}
Potions
 d - 3 potions of degeneration {unknown}
 m - a potion of lignification {unknown}

Dungeon Overview and Level Annotations

Branches:
Dungeon (3/15) Zot: 16465

Altars:
Yredelemnul

......##........
......##........
...<..##........
............####
######..#####..
#..'....._ #
#..#####.. ####...
##.....#####......#
###......g@.#
###..###.....# ##.#
#####.# #.# .. #.#
. #># #........#
......##.###
......... #


You could see a gnoll.


Message History

The arrow hits the gnoll!
You hear a shout!
You shoot an arrow.
The arrow hits the gnoll but does no damage.
A gnoll is nearby!
You shoot an arrow. The arrow hits the gnoll.
You kill the gnoll!
A quokka comes into view.
There is a stone staircase leading down here.
A quokka is nearby!
You shoot an arrow. The arrow hits the quokka.
You shoot an arrow. The arrow completely misses the quokka.
You shoot an arrow. The arrow closely misses the quokka.
You shoot an arrow. The arrow completely misses the quokka.
You hear a shout!
You shoot an arrow.
The arrow hits the quokka but does no damage.
The quokka closely misses you.
A gnoll comes into view. It is wielding a +0 flail.
You shoot an arrow.
The arrow hits the quokka but does no damage.
The quokka closely misses you. The quokka barely misses you.
You shoot an arrow. The arrow barely misses the quokka.
The quokka misses you.
A gnoll comes into view. It is wielding a +0 whip.
You shoot an arrow. The arrow hits the quokka.
The quokka closely misses you. The quokka barely misses you.
You furiously retaliate!
You headbutt the quokka.
You kill the quokka!
You have reached level 4!
You feel stronger. 😎 HP[+7] MP[+1]
You now have 38 max hp (+7).
Your hp is fully restored (38).
Your mp is fully restored (3).
You shoot an arrow.
The arrow hits the gnoll but does no damage.
The gnoll barely misses you. The gnoll misses you.
You shoot an arrow.
The arrow hits the gnoll but does no damage.
The gnoll misses you.
You shoot an arrow.
The arrow hits the gnoll but does no damage.
The gnoll closely misses you.
You shoot an arrow.
The arrow hits the gnoll but does no damage.
You shoot an arrow. The arrow hits the gnoll!
The gnoll hits you with a +0 flail! The gnoll hits you with a +0 whip!
* * * LOW HITPOINT WARNING * * *
The gnoll hits you with a +0 flail!
* * * LOW HITPOINT WARNING * * *
You are too injured to fight recklessly!
You are too injured to fight recklessly! 😨 HP[-27]
You take 27 damage, and now have 11/38 hp.
MASSIVE DAMAGE!! (PAUSE)
The gnoll attacks as you move away! The gnoll closely misses you. 😨 HP[+1]
You are too injured to fight recklessly!
Things that are here:
a +0 club {mace}; a gnoll corpse You are too injured to fight recklessly!
Fire: a) +0 shortbow {bow}
Press: ? - help, Q - select action, (/) - cycle Shift-Dir - straight line, f/p - gnoll
Aim: a gnoll, wielding a +0 flail (severely wounded, 65% to hit)
You shoot an arrow. The arrow barely misses the gnoll.
The arrow hits the gnoll.
The gnoll misses you. 😨 HP[+1] Fire: a) +0 shortbow {bow}
Press: ? - help, Q - select action, (/) - cycle Shift-Dir - straight line, f/p - gnoll
Aim: a gnoll, wielding a +0 flail (severely wounded, 65% to hit)
You shoot an arrow. The arrow closely misses the gnoll. x2
The gnoll closely misses you.
Fire: a) +0 shortbow {bow}
Press: ? - help, Q - select action, (/) - cycle Shift-Dir - straight line, f/p - gnoll
Aim: a gnoll, wielding a +0 flail (severely wounded, 65% to hit)
You shoot an arrow. The arrow closely misses the gnoll.
The arrow hits the gnoll.
The gnoll barely misses you. You furiously retaliate!
You headbutt the gnoll, but do no damage.
Fire: a) +0 shortbow {bow}
Press: ? - help, Q - select action, (/) - cycle Shift-Dir - straight line, f/p - gnoll
Aim: a gnoll, wielding a +0 flail (severely wounded, 65% to hit)
You shoot an arrow. The arrow hits the gnoll.
You kill the gnoll!
The gnoll misses you.
Your Dodging skill increases to level 3!
Fire: a) +0 shortbow {bow}
Press: ? - help, Q - select action, (/) - cycle Shift-Dir - straight line, f - gnoll
Aim: a gnoll, wielding a +0 whip (severely wounded, 65% to hit)
You shoot an arrow.
The arrow hits the gnoll but does no damage.
The gnoll hits you with a +0 whip!
* * * LOW HITPOINT WARNING * * *
😱 HP[-7]
You take 7 damage, and now have 6/38 hp.
Fire: a) +0 shortbow {bow}
Press: ? - help, Q - select action, (/) - cycle Shift-Dir - straight line, f/p - gnoll
Aim: a gnoll, wielding a +0 whip (severely wounded, 65% to hit)
You shoot an arrow. The arrow closely misses the gnoll.
The gnoll hits you with a +0 whip!
You die...

Skill      XL: |  1  2  3  4 |
---------------+-------------+-----
Stealth        | 1 |  1.6
Fighting       | 3 |  3.2
Ranged Weapons | 5 |  5.2
Dodging        | 3 |  3.0

Action                   |  1- 3 |  4- 6 || total
-------------------------+-------+-------++-------
 Fire: Shortbow          |   127 |    11 ||   138
Armor: Leather armour    |    13 |       ||    13
Dodge: Dodged            |    42 |     9 ||    51

Levels and vault maps discovered:
D:1:      nzn_arrival_water_spiral, layout_loops_corners
D:2:      cheibrodos_fertilizer, layout_loops_cross, basic_ecumenical_altar
D:3:      layout_rooms, mainiacjoe_overflow_surrounded_room,
          serial_bayou_pond_a, chequers_serial_rivers_large_b,
          minmay_fountain_box, minmay_hedge_maze, minmay_crystal_water,
          st_stairs_14, chequers_jeans, minmay_misc_feat_more_columns,
          chequers_decorated_corner, uniq_sigmund

Notes
Turn   | Place    | Note
-------+----------+-------------------------------------------
     0 | D:1      | Sanktem7 the Minotaur Hunter began the quest for the Orb.
     0 | D:1      | Reached XP level 1. HP: 18/18 MP: 0/0
     0 | D:1      | magus.rc [v1.9.6]
   197 | D:1      | Reached skill level 1 in Stealth
   293 | D:1      | Reached XP level 2. HP: 25/25 MP: 1/1
   564 | D:1      | Reached XP level 3. HP: 30/30 MP: 2/2
   924 | D:1      | Reached skill level 3 in Fighting
  1187 | D:2      | Reached skill level 5 in Ranged Weapons
  1441 | D:3      | Found a basalt altar of Yredelemnul.
  1465 | D:3      | Reached XP level 4. HP: 38/38 MP: 3/3
  1483 | D:3      | Reached skill level 3 in Dodging
  1483 | D:3      | HP: 6/38 [gnoll/+0 whip (7)]
  1484 | D:3      | Slain by a gnoll

Vanquished Creatures
  2 gnolls (D:3)
  An adder (D:2)
  4 bats
  3 endoplasms (D:1)
  A giant cockroach (D:1)
  6 hobgoblins (D:1)
  4 jackals (D:1)
  4 kobolds (D:1)
  4 quokkas
  2 ball pythons (D:1)
  9 goblins
  4 rats
44 creatures vanquished.

Vanquished Creatures (others)
  7 toadstools (D:2)
7 creatures vanquished.

Grand Total: 51 creatures vanquished

Table legend:
 A = Non-vault XP
 B = Vault XP
 C = Vault XP percentage of total XP
 D = Non-vault monster count
 E = Vault monster count
 F = Vault count percentage of total count
                 A         B        C        D         E       F
            +---------+---------+-------+---------+---------+-------
      Total |     111 |       0 |   0.0 |      44 |       0 |   0.0
            +---------+---------+-------+---------+---------+-------
        D:1 |      56 |       0 |   0.0 |      32 |       0 |   0.0
        D:2 |      25 |       0 |   0.0 |       9 |       0 |   0.0
        D:3 |      30 |       0 |   0.0 |       3 |       0 |   0.0
            +---------+---------+-------+---------+---------+-------

Illustrated notes

Table legend:
 A = Kills in this place as a percentage of kills in entire the game.
 B = Kills by you in this place as a percentage of kills by you in the entire game.
 C = Kills by friends in this place as a percentage of kills by friends in the entire game.
 D = Other kills in this place as a percentage of other kills in the entire game.
 E = Experience gained in this place as a percentage of experience gained in the entire game.
 F = Experience gained in this place divided by the number of levels of this place that you have seen.
                   A       B       C       D       E      F
               +-------+-------+-------+-------+-------+----------------------
         Total | 100.0 | 100.0 |   N/A |   N/A | 100.0 |  37.0
       Dungeon | 100.0 | 100.0 |   N/A |   N/A | 100.0 |  37.0
               +-------+-------+-------+-------+-------+----------------------

Table legend: (Time is in decaauts)
 A = Elapsed time spent in this place.
 B = Non-inter-level travel time spent in this place.
 C = Inter-level travel time spent in this place.
 D = Time resting spent in this place.
 E = Time spent auto-exploring this place.
 F = Levels seen in this place.
 G = Mean time per level.
                   A        B        C        D        E       F      G
               +--------+--------+--------+--------+--------+-----+--------+
         Total |   1533 |   1487 |     46 |      0 |   1240 |   3 |  511.0 |
       Dungeon |   1533 |   1487 |     46 |      0 |   1240 |   3 |  511.0 |
               +--------+--------+--------+--------+--------+-----+--------+

Top non-repeatable levels by time:
     D:1: 1173 daAuts
     D:2: 295 daAuts
     D:3: 64 daAuts
